 Dungeon Crawl Stone Soup version 0.30-a0-187-gd9c2deaf24 (webtiles) character file.

Game seed: 7739916050320238762

63 lunkers the Insei (level 4, 0/35 HPs)
             Began as a Meteoran Transmuter on Oct 4, 2022.
             Was a Follower of Okawaru.
             Killed from afar by Sigmund (13 damage)
             ... with a puff of flame
             ... on level 2 of the Dungeon.
             The game lasted 00:01:32 (510 turns).

lunkers the Insei (Meteoran Transmuter)              Turns: 510, Time: 00:01:32

Health: 0/35       AC:  2    Str: 11    XL:     4   Next: 56%
Magic:  7/9        EV: 13    Int: 14    God:    Okawaru [*.....]
Gold:   42         SH:  0    Dex: 17    Spells: 2/8 levels left

rFire   . . .      SeeInvis .      - Unarmed
rCold   . . .      Faith    .    (no shield)
rNeg    . . .      Spirit   .    a - +0 robe
rPois   .          Reflect  .    (helmet currently unavailable)
rElec   .          Harm     .    (no cloak)
rCorr   .          Rampage  .    (no gloves)
Will    .....                    (boots currently unavailable)
Stlth   +.........               (no amulet)
HPRegen 0.25/turn                (no ring)
MPRegen 0.11/turn                (no ring)

@: appendages, glowing
A: horns 2, talons 2, sense surroundings 1, otherworldly, glowing, explore regen
a: End Transformation, Renounce Religion, Heroism


You were on level 2 of the Dungeon.
You worshipped Okawaru.
Okawaru was aware of your devotion.
You had temporarily grown beastly horns and talons.
You visited 1 branch of the dungeon, and saw 2 of its levels.

You collected 42 gold pieces.

Inventory:

Armour
 a - a +0 robe (worn)
Jewellery
 f - a ring of poison resistance
Scrolls
 c - a scroll of fog {unknown}
 d - a scroll of enchant weapon {unknown}
 e - a scroll of identify {unknown}
Potions
 b - a potion of resistance {unknown}
 g - a potion of curing {unknown}


   Skills:
 - Level 1.1 Fighting
 - Level 2.4 Dodging
 + Level 4.5 Unarmed Combat
 - Level 2.6 Spellcasting
 * Level 3.9 Transmutations
 + Level 1.9 Invocations


You had 2 spell levels left.
You knew the following spells:

 Your Spells              Type           Power      Damage    Failure   Level
b - Wereblood             Tmut           12%        N/A       7%          2
c - Spider Form           Tmut/Pois      7%         N/A       30%         3
p - Beastly Appendage     Tmut           24%        N/A       4%          1

Your spell library contained the following spells:

 Spells                   Type           Power      Damage    Failure   Level
 Magic Dart               Conj           4%         1d3       22%         1
 Necrotise                Necr           4%         1d4       22%         1
 Vampiric Draining        Necr           1%         2d6       54%         3
 Ice Form                 Ice/Tmut       7%         N/A       69%         4
 Agony                    Necr           1%         N/A       99%         5


Dungeon Overview and Level Annotations

Branches:
Dungeon (2/15) Zot: 694

Altars:
Okawaru

Annotations:
D:2 Sigmund


Innate Abilities, Weirdness & Mutations

You have temporarily grown beastly horns and talons.
You passively map a small area around you.
You are easily found by Zot.
You glow in the dark.
You regain HP and MP as you explore.


Message History

The kobold throws a stone.
The stone hits you.
An adder comes into view.
Sigmund says, "I'm your fate."
Sigmund mumbles some strange words.
Sigmund flickers and vanishes!
Deactivating autopickup; reactivate with Ctrl-A.
You hit the kobold but do no damage. The kobold barely misses you.
You closely miss the kobold. You claw the kobold.
The kobold is moderately wounded.
Something hits you but does no damage.
The kobold hits you with a +1 dagger of pain.
You barely miss the kobold. You punch the kobold.
You kill the kobold!
Okawaru accepts your kill.
No target in view!
You aren't carrying any items that you can evoke.
Unknown command.
Okay, then.
You hear some strange, mumbled words.
Something tries to affect you, but you resist.
Things that are here:
a +1 dagger of pain; 3 stones You hit something.
You claw something. Your headbutt misses something. Something hits you!
* * * LOW HITPOINT WARNING * * *
You punch something! Something hits you.
* * * LOW HITPOINT WARNING * * *
You hit something. You headbutt something. You barely miss something.
You hear some strange, mumbled words.
A magic dart appears from out of thin air!
The magic dart hits you!
* * * LOW HITPOINT WARNING * * *
You closely miss something. Your kick misses something.
You closely miss something. You headbutt something.
You feel like a meek peon again.
You hear a zap.
A puff of flame appears from out of thin air!
The puff of flame hits you!
You die...

###############
#.............#
#.###########.#
#.# * * #.# #.#
,, , #.# #.#
#.###.#### #.#
#......... #@#
#####..... #{#
* ###### #.# *
###### *#.# ,
#..... ..#
#.#### , * ..#*
* #.#### , ,
... * #.##.. ,
, ....
.#######.##.#
#.........#.#


There were no monsters in sight!

Vanquished Creatures
  Jessica (D:2)
  A gnoll (D:1)
  2 dart slugs (D:1)
  A bat (D:2)
  2 endoplasms
  A giant cockroach (D:2)
  2 goblins (D:1)
  A hobgoblin (D:1)
  4 kobolds
  3 quokkas (D:1)
  2 ball pythons
  A frilled lizard (D:1)
  A rat (D:1)
22 creatures vanquished.

Notes
Turn   | Place    | Note
-------+----------+-------------------------------------------
     0 | D:1      | lunkers the Meteoran Transmuter began the quest for the
                  | Orb.
     0 | D:1      | Reached XP level 1. HP: 16/16 MP: 5/5
    40 | D:1      | Reached XP level 2. HP: 22/23 MP: 4/6
    93 | D:1      | Found a faded altar of an unknown god.
   104 | D:1      | Got Plato's Discursus on the Fifth Circle
   106 | D:1      | Prayed at the altar of an unknown god.
   106 | D:1      | Became a worshipper of Warmaster Okawaru
   106 | D:1      | Reached * piety under Okawaru
   116 | D:1      | Reached skill level 4 in Unarmed Combat
   141 | D:1      | Reached skill level 1 in Invocations
   141 | D:1      | Reached XP level 3. HP: 6/28 MP: 6/8
   190 | D:1      | Learned a level 2 spell: Wereblood
   194 | D:1      | Learned a level 3 spell: Spider Form
   386 | D:2      | Noticed Jessica
   393 | D:2      | Killed Jessica
   394 | D:2      | Reached XP level 4. HP: 31/35 MP: 9/9
   496 | D:2      | Noticed Sigmund
   510 | D:2      | Killed from afar by Sigmund

Illustrated notes

Levels and vault maps discovered:
D:1:      dpeg_arrival_lava_temple_mockup, layout_basic,
          shapermc_ecumenical_altar_rom_forum
D:2:      layout_loops_ring, uniq_sigmund, uniq_jessica

Skill      XL: |  1  2 |
---------------+-------+-----
Unarmed Combat | 4 |  4.5
Transmutations | 3 |  3.9
Invocations    | 1 |  1.9
Fighting       | |  1.1
Dodging        | |  2.4
Spellcasting   | |  2.6

Action                   |  1- 3 |  4- 6 || total
-------------------------+-------+-------++-------
Melee: Unarmed           |    31 |    19 ||    50
       Kick              |    11 |     2 ||    13
       Headbutt          |     2 |     2 ||     4
       Punch             |       |     1 ||     1
 Cast: Beastly Appendage |     8 |     4 ||    12
Invok: Heroism           |       |     1 ||     1
  Use: Potion            |     1 |       ||     1
Armor: Skin              |     4 |       ||     4
       Robe              |     2 |    10 ||    12
Dodge: Dodged            |    17 |     9 ||    26

Table legend: (Time is in decaauts)
 A = Elapsed time spent in this place.
 B = Non-inter-level travel time spent in this place.
 C = Inter-level travel time spent in this place.
 D = Time resting spent in this place.
 E = Time spent auto-exploring this place.
 F = Levels seen in this place.
 G = Mean time per level.
                   A        B        C        D        E       F      G
               +--------+--------+--------+--------+--------+-----+--------+
         Total |    504 |    470 |     34 |     14 |    300 |   2 |  252.0 |
       Dungeon |    504 |    470 |     34 |     14 |    300 |   2 |  252.0 |
               +--------+--------+--------+--------+--------+-----+--------+

Top non-repeatable levels by time:
     D:1: 383 daAuts
     D:2: 121 daAuts
